 Dungeon Crawl Stone Soup version 0.28.0-1-gb440e238dd (webtiles) character file.

Game seed: 8512542040968464326

20 H0rd4k the Magician (level 2, -1/15 HPs)
             Began as a Deep Elf Hedge Wizard on Feb 22, 2022.
             Slain by a quokka (3 damage)
             ... on level 1 of the Dungeon.
             The game lasted 00:00:50 (676 turns).

H0rd4k the Magician (Deep Elf Hedge Wizard)          Turns: 676, Time: 00:00:50

Health: -1/15      AC:  2    Str:  7    XL:     2   Next: 58%
Magic:  0/10       EV: 12    Int: 18    God:
Gold:   48         SH:  0    Dex: 14    Spells: 10/11 levels left

rFire   . . .      SeeInvis .   a - +0 dagger
rCold   . . .      Faith    .   (no shield)
rNeg    . . .      Spirit   .   b - +0 robe
rPois   .          Reflect  .   c - +0 hat
rElec   .          Harm     .   (no cloak)
rCorr   .          Rampage  .   (no gloves)
Will    .....                   (no boots)
Stlth   ++........              (no amulet)
HPRegen 0.05/turn               (no ring)
MPRegen 0.12/turn               (no ring)

@: no status effects
A: no striking features
a: no special abilities


You were on level 1 of the Dungeon.
You visited 1 branch of the dungeon, and saw 1 of its levels.

You collected 48 gold pieces.

Inventory:

Hand Weapons
 a - a +0 dagger (weapon)
Armour
 b - a +0 robe (worn)
 c - a +0 hat (worn)
Scrolls
 d - a scroll of immolation {unknown}


   Skills:
 + Level 2.8 Dodging
 - Level 2.5 Stealth
 + Level 5.2 Spellcasting
 + Level 1.3 Conjurations
 + Level 1.1 Summonings
 + Level 1.1 Translocations


You had 10 spell levels left.
You knew the following spells:

 Your Spells              Type           Power      Damage    Failure   Level
a - Magic Dart            Conj           36%        1d4       8%          1

Your spell library contained the following spells:

 Spells                   Type           Power      Damage    Failure   Level
 Slow                     Hex            16%        N/A       13%         1
 Blink                    Tloc           16%        N/A       13%         2
 Call Imp                 Summ           8%         N/A       13%         2
 Conjure Flame            Conj/Fire      7%         6-21      30%         3
 Mephitic Cloud           Conj/Pois/Air  6%         N/A       32%         3


Dungeon Overview and Level Annotations

Branches:
Dungeon (1/15)

Altars:


Message History

Press: ? - help, Shift-Dir - straight line, f/p - quokka
Aim: a quokka (100% to hit)
The magic dart hits the quokka.
The quokka is lightly wounded.
The quokka closely misses you.
Unknown command.
Casting: Magic Dart (safe; 8% risk of failure)
Confirm with . or Enter, or press ? or * to list all spells.
Aiming: Magic Dart (safe; 8% risk of failure)
Press: ? - help, Shift-Dir - straight line, f/p - quokka
Aim: a quokka (lightly wounded, 100% to hit)
The magic dart hits the quokka.
The quokka is heavily wounded.
The quokka bites you.
* * * LOW HITPOINT WARNING * * *
The quokka closely misses you.
You aren't carrying any items that you can evoke.
You aren't carrying any potions.
Casting: Magic Dart (safe; 8% risk of failure)
Confirm with . or Enter, or press ? or * to list all spells.
Aiming: Magic Dart (safe; 8% risk of failure)
Press: ? - help, Shift-Dir - straight line, f/p - quokka
Aim: a quokka (heavily wounded, 100% to hit)
The magic dart hits the quokka.
The quokka is almost dead.
The quokka bites you.
* * * LOW HITPOINT WARNING * * *
The quokka bites you.
* * * LOW HITPOINT WARNING * * *
Casting: Magic Dart (safe; 8% risk of failure)
Confirm with . or Enter, or press ? or * to list all spells.
Aiming: Magic Dart (safe; 8% risk of failure)
Press: ? - help, Shift-Dir - straight line, f/p - quokka
Aim: a quokka (almost dead, 100% to hit)
The magic dart hits the quokka but does no damage.
The quokka is almost dead.
The quokka barely misses you. The quokka misses you.
Unknown command.
The quokka bites you.
You die...

#.. #...# #.....# #.#
#...#######.#...# # #.#
#.........#.....## # #.#
######...###........... ###
#.#####...........###.#.##.## ..#
#.................# #....#... #.#
#.#####....g......###....# ## #.#
#.# ######r........#...# #.# #.#
#@..########.... #.# #.# #...#
####.##### #.###.# #...# #..
.####. #.....# #...# ##.####....
#####.# ##.## #.†..#..... #####.#
##.#.## #..##....#.
......#########.###.###..##..###.
########.......## ##........## #.
#..#.###.###.#.#......###.


You could see a quokka and a goblin.

Vanquished Creatures
  A bat (D:1)
  2 endoplasms (D:1)
  3 hobgoblins (D:1)
  6 ball pythons (D:1)
  A frilled lizard (D:1)
  2 goblins (D:1)
  2 kobolds (D:1)
  2 rats (D:1)
19 creatures vanquished.

Notes
Turn   | Place    | Note
-------+----------+-------------------------------------------
     0 | D:1      | H0rd4k the Deep Elf Hedge Wizard began the quest for the
                  | Orb.
     0 | D:1      | Reached XP level 1. HP: 10/10 MP: 7/7
   285 | D:1      | Reached skill level 5 in Spellcasting
   285 | D:1      | Reached XP level 2. HP: 15/15 MP: 7/10
   676 | D:1      | Slain by a quokka

Illustrated notes

Levels and vault maps discovered:
D:1:      dpeg_arrival_arbitrary_c, layout_loops_cross

Skill      XL: |  1 |
---------------+----+-----
Spellcasting   | 5 |  5.2
Dodging        | |  2.8
Stealth        | |  2.5
Conjurations   | |  1.3
Summonings     | |  1.1
Translocations | |  1.1

Action                   || total
-------------------------++-------
 Cast: Magic Dart        ||    52
Dodge: Dodged            ||    10
